 Dungeon Crawl Stone Soup version 0.27.1-34-g3ba077fa99 (webtiles) character file.

Game seed: 14117985609832189591

2176 belegose the Shield-Bearer (level 9, -16/63 HPs)
             Began as a Formicid Fighter on Jan 5, 2022.
             Demolished by a two-headed ogre (24 damage)
             ... on level 7 of the Dungeon.
             The game lasted 00:26:38 (8806 turns).

belegose the Shield-Bearer (Formicid Fighter)       Turns: 8806, Time: 00:26:39

Health: -16/63     AC:  6    Str: 23    XL:     9   Next: 58%
Magic:  9/9        EV:  8    Int:  9    God:
Gold:   326        SH: 11    Dex: 10    Spells: 8/8 levels left

rFire    . . .     SeeInvis +   a - +0 quarterstaff
rCold    . . .     Faith    .   c - +0 kite shield
rNeg     . . .     Spirit   .   k - +0 chain mail
rPois    .         Reflect  .   (helmet unavailable)
rElec    .         Harm     .   s - +0 cloak
rCorr    +         Rampage  .   (no gloves)
Will     +....     Clarity  +   (no boots)
Stlth    ..........             (no amulet)
HPRegen  0.20/turn              m - ring of resist corrosion
MPRegen  0.11/turn              w - ring of willpower

@: no status effects
A: permanent stasis, dig shafts and tunnels, antennae 3, four strong arms,
clarity, deformed body, frail 1
a: Dig, Shaft Self


You were on level 7 of the Dungeon.
You visited 2 branches of the dungeon, and saw 8 of its levels.

You collected 348 gold pieces.
You spent 22 gold pieces at shops.

Inventory:

Hand Weapons
 a - a +0 quarterstaff (weapon)
 y - a +2 flail of holy wrath
Missiles
 e - 181 stones
 f - 44 sling bullets
 o - 10 poisoned darts (quivered)
 r - 6 javelins
 B - 2 silver javelins
Armour
 c - a +0 kite shield (worn)
 d - a +0 troll leather armour {Purgy}
 k - a +0 chain mail (worn)
 s - a +0 cloak (worn)
Magical Staves
 b - a staff of fire
Jewellery
 m - a ring of resist corrosion (left hand)
 w - a ring of willpower (right hand)
Wands
 A - a wand of charming (8)
Scrolls
 g - 5 scrolls of teleportation {unknown}
 h - 5 scrolls of magic mapping
 l - a scroll of immolation {unknown}
 n - a scroll of blinking {unknown}
 p - a scroll of noise {unknown}
 q - a scroll of enchant armour {unknown}
 x - a scroll of brand weapon {unknown}
 C - a scroll of vulnerability {unknown}
Potions
 i - a potion of lignification
 j - a potion of cancellation
 u - a potion of curing


   Skills:
 + Level 6.6 Fighting
 + Level 5.5 Staves
 + Level 4.0 Throwing
 + Level 4.6 Armour
 - Level 3.5 Dodging
 + Level 7.2 Shields
 + Level 4.4 Evocations


You had 8 spell levels left.
You didn't know any spells.
Your spell library contained the following spells:

 Spells                   Type           Power      Damage    Failure   Level
 Corpse Rot               Necr/Air       N/A        N/A       100%        2
 Poisonous Vapours        Pois/Air       0%         N/A       100%        2
 Call Canine Familiar     Summ           0%         N/A       100%        3
 Portal Projectile        Hex/Tloc       0%         N/A       100%        3
 Leda's Liquefaction      Hex/Erth       0%         N/A       100%        4
 Freezing Cloud           Conj/Ice/Air   0%         6-21      100%        5


Dungeon Overview and Level Annotations

Branches:
Dungeon (7/15)             Temple (1/1) D:5

Altars:
Ashenzari
Cheibriados
Dithmenos
Gozag
Hepliaklqana
Kikubaaqudgha
Makhleb
Nemelex Xobeh
Qazlal
Ru
Sif Muna
Trog
Uskayaw
Vehumet
Wu Jian
Xom
Zin
The Shining One
Lugonu

Shops:
D:3 ?   D:4 (


Innate Abilities, Weirdness & Mutations

You cannot be hasted, slowed, berserked, paralysed or teleported.
You can dig through walls and to a lower floor.
You have a pair of large antennae on your head. (SInv)
Your four strong arms can wield two-handed weapons with a shield.
You possess an exceptional clarity of mind.
Armour fits poorly on your strangely shaped body.
You are frail. (-10% HP)


Message History

The poisoned dart completely misses the two-headed ogre.
You see here 2 poisoned darts.
You see here a poisoned dart.
You see here 2 poisoned darts.
You see here a poisoned dart.
Throw: 12 darts (poison)
Press: ? - help, Q - select action, (/) - cycle Shift-Dir - straight line, f/p - two-headed ogre
Aim: a two-headed ogre, wielding two +0 giant clubs (lightly wounded, 75% to hit)
You throw a poisoned dart.
The poisoned dart barely misses the two-headed ogre.
You block the two-headed ogre's attack. x2
Throw: 11 darts (poison)
Press: ? - help, Q - select action, (/) - cycle Shift-Dir - straight line, f/p - two-headed ogre
Aim: a two-headed ogre, wielding two +0 giant clubs (lightly wounded, 75% to hit)
You throw a poisoned dart.
The poisoned dart hits the two-headed ogre!
The two-headed ogre is poisoned.
The two-headed ogre is lightly wounded.
The two-headed ogre hits you with a +0 giant club!!
The two-headed ogre barely misses you.
You see here 2 poisoned darts.
Okay, then.
It was a potion of mutation.
You feel extremely strange.
Your thoughts seem clearer.
Your body twists and deforms.
You feel frail. The two-headed ogre misses you.
The two-headed ogre hits you with a +0 giant club!
You hit the two-headed ogre.
The two-headed ogre is moderately wounded.
You hit the two-headed ogre.
The two-headed ogre is moderately wounded.
You block the two-headed ogre's attack. x2
You hit the two-headed ogre.
The two-headed ogre is moderately wounded.
You block the two-headed ogre's attack.
The two-headed ogre hits you with a +0 giant club!
* * * LOW HITPOINT WARNING * * *
You closely miss the two-headed ogre.
The two-headed ogre is moderately wounded.
The two-headed ogre hits you with a +0 giant club!!
You die...

# #..# .. #..# ##.##
# #..# .# #..#
############ .# #..#
#..........####..#
##.#
#.............#.# #.#
#<..............#
#.###....@O.........#
#..###..............#
##.# #..............#
#.# #.......[......#
#######.#
##.............#
###....##.##
#.............#
#........#.#
###........#..#
#..........#
##########.##
#..........# #...##


You could see a two-headed ogre.

Vanquished Creatures
  Purgy (D:3)
  2 ice beasts
  A necrophage (D:5)
  2 ogres (D:5)
  4 centaurs
  A gnoll sergeant (D:6)
  2 scorpions (D:6)
  2 water moccasin zombies (D:6)
  4 wights (D:6)
  4 hounds
  A centaur zombie (D:5)
  A bullfrog zombie (D:5)
  A bullfrog skeleton (D:7)
  6 centaur skeletons
  An orc priest (D:6)
  2 jellies
  4 iguanas (D:5)
  2 killer bee zombies
  A hound zombie (D:5)
  A hound skeleton (D:4)
  Robin (D:2)
  A howler monkey zombie (D:5)
  5 gnolls
  6 adders
  A shadow imp (D:6)
  2 ufetubi
  An adder skeleton (D:4)
  4 worms
  2 dart slugs
  7 orcs
  4 endoplasms
  2 giant cockroaches
  8 hobgoblins
  4 jackals (D:4)
  A kobold (D:1)
  3 quokkas
  6 ball pythons
  6 bats
  4 frilled lizards
  11 goblins
  4 rats
126 creatures vanquished.

Notes
Turn   | Place    | Note
-------+----------+-------------------------------------------
     0 | D:1      | belegose the Formicid Fighter began the quest for the Orb.
     0 | D:1      | Reached XP level 1. HP: 18/18 MP: 1/1
   447 | D:1      | Reached XP level 2. HP: 11/24 MP: 2/2
   929 | D:1      | Found a faded altar of an unknown god.
  1084 | D:2      | Reached skill level 4 in Shields
  1084 | D:2      | Reached XP level 3. HP: 20/29 MP: 3/3
  1479 | D:2      | Noticed Robin
  1664 | D:2      | Killed Robin
  1665 | D:2      | Reached XP level 4. HP: 37/37 MP: 4/4
  3014 | D:3      | Noticed Purgy
  3025 | D:3      | Killed Purgy
  3026 | D:3      | Reached XP level 5. HP: 33/43 MP: 5/5
  3128 | D:3      | Found a shadowy altar of Dithmenos.
  3179 | D:3      | Reached XP level 6. HP: 48/49 MP: 6/6
  3208 | D:3      | Found Korgh's Magic Scroll Emporium.
  3230 | D:3      | Bought a scroll of identify for 22 gold pieces
  3378 | D:3      | Found a sacrificial altar of Ru.
  3523 | D:4      | Reached skill level 5 in Shields
  3725 | D:4      | Found Ziyp's Antique Weapon Boutique.
  3809 | D:4      | Found a broken altar of Ashenzari.
  4044 | D:4      | Found a stormy altar of Qazlal.
  4044 | D:4      | Found a burning altar of Makhleb.
  4045 | D:4      | Found an opulent altar of Gozag.
  4187 | D:4      | Identified the +0 scale mail of the Harvest {SInv}
  4371 | D:5      | Entered Level 5 of the Dungeon
  4548 | D:5      | Reached skill level 1 in Throwing
  4548 | D:5      | Reached skill level 1 in Evocations
  4548 | D:5      | Reached XP level 7. HP: 29/55 MP: 7/7
  4824 | D:5      | Reached skill level 1 in Dodging
  4964 | D:5      | Reached skill level 5 in Fighting
  5161 | D:5      | Found a hazy altar of Hepliaklqana.
  5244 | D:6      | Reached XP level 8. HP: 62/62 MP: 8/8
  5643 | D:5      | Found a staircase to the Ecumenical Temple.
  5660 | D:5      | Reached skill level 6 in Shields
  5673 | Temple   | Entered the Ecumenical Temple
  6680 | D:6      | Found a snail-covered altar of Cheibriados.
  6701 | D:6      | Reached XP level 9. HP: 68/69 MP: 9/9
  6886 | D:5      | Reached skill level 5 in Staves
  7656 | D:6      | Reached skill level 7 in Shields
  7836 | D:6      | Found a glowing golden altar of the Shining One.
  8351 | D:7      | Found a sparkling altar of Nemelex Xobeh.
  8558 | D:7      | Noticed a two-headed ogre
  8802 | D:7      | Gained mutation: You possess an exceptional clarity of
                  | mind. [potion of mutation]
  8802 | D:7      | Gained mutation: Armour fits poorly on your strangely
                  | shaped body. [potion of mutation]
  8802 | D:7      | Gained mutation: You are frail. (-10% HP) [potion of
                  | mutation]
  8806 | D:7      | Demolished by a two-headed ogre

Illustrated notes

Levels and vault maps discovered:
D:1:      elethiomel_arrival_shortcut, layout_loops_cross,
          chequers_ecumenical_altar_grove
D:2:      layout_basic, minmay_misc_feat_four_crosses,
          kennysheep_generic_room_2, uniq_robin
D:3:      layout_rooms, nicolae_dithmenos_the_darkroom, marbit_many_paths,
          serial_shops, shop, uniq_purgy
D:4:      layout_basic, kennysheep_mini_moat, gammafunk_temple_overflow_claw,
          serial_shops, nicolae_shop_waterfront, nrook_mini_backslash
D:5:      minmay_evil_eye, layout_gridville,
          mainiacjoe_overflow_small_starburst, minmay_temple_entry_purple_smoke
D:6:      layout_rooms, slow_altar_1, mainiacjoe_overflow_alcove_2
D:7:      layout_cave_pods, nemelex_xobeh_ov_fountains_minmay,
          minmay_starry_boxes
Temple:   corrupted_temple

Skill      XL: |  1  2  3  4  5  6  7  8  9 |
---------------+----------------------------+-----
Shields        | 4 5 6 7 |  7.2
Fighting       | 4 5 6 |  6.6
Staves         | 3 4 5 |  5.5
Armour         | 4 |  4.6
Throwing       | 1 2 3 4 |  4.0
Evocations     | 1 2 3 4 |  4.4
Dodging        | 1 2 3 |  3.5

Action                   |  1- 3 |  4- 6 |  7- 9 || total
-------------------------+-------+-------+-------++-------
Melee: Quarterstaff      |   101 |   154 |   264 ||   519
Throw: Dart              |       |       |    44 ||    44
       Javelin           |       |       |    17 ||    17
 Abil: Dig               |       |     1 |     1 ||     2
  Use: Potion            |       |     1 |     1 ||     2
       Scroll            |       |     3 |     3 ||     6
Armor: Scale mail        |    37 |       |       ||    37
       Chain mail        |    22 |    83 |   121 ||   226
Dodge: Dodged            |    17 |    41 |    85 ||   143
Block: Kite shield       |    52 |    87 |   166 ||   305
